 Dungeon Crawl Stone Soup version 0.18.1-48-g4cf74bf (webtiles) character file.

256 tyranidshit the Skirmisher (level 5, -2/52 HPs)
             Began as a Deep Dwarf Necromancer on Sept 4, 2016.
             Slain by a worker ant (5 damage)
             ... on level 5 of the Dungeon.
             The game lasted 00:17:04 (2754 turns).

tyranidshit the Skirmisher (Deep Dwarf Necromancer) Turns: 2754, Time: 00:17:05

Health: -2/52      AC:  0    Str: 13    XL:     5   Next: 92%
Magic:  7/7        EV: 14    Int: 15    God:
Gold:   77         SH:  0    Dex: 13    Spells: 1 memorised, 6 levels left

rFire  . . .     SeeInvis .     (weapon currently unavailable)
rCold  . . .     Gourm    .     (armour currently unavailable)
rNeg   . . .     Faith    .     (shield currently unavailable)
rPois  .         Spirit   .     (helmet currently unavailable)
rElec  .         Dismiss  .     (cloak currently unavailable)
rCorr  .         Reflect  .     (gloves currently unavailable)
SustAt .         Harm     .     (boots currently unavailable)
MR     .....                    (no amulet)
Stlth  ++........               (ring currently unavailable)
                                (ring currently unavailable)

@: lethally poisoned (-2 -> -2), pig-form (expiring), non-regenerating, very
quick, not resistant to hostile enchantments, unstealthy
A: damage resistance, recharge devices, (hooves 0), (slimy green scales 0),
sense surroundings 1, slow regeneration 3
a: Device Recharging


You were on level 5 of the Dungeon.
You were not hungry.
You were a filthy swine.
You visited 1 branch of the dungeon, and saw 5 of its levels.

You collected 187 gold pieces.
You spent 110 gold pieces at shops.

Inventory:

Hand Weapons
 g - a +0 club
 j - a +0 short sword
 l - a cursed -1 hand axe (melded)
 r - a +0 mace
Armour
 a - a +1 robe
 h - a +0 chain mail (melded)
Jewellery
 o - a cursed ring of loudness (melded)
 p - an uncursed ring of positive energy
 s - a +2 ring of protection (melded)
Wands
 c - a wand of heal wounds (1/9)
 e - a wand of polymorph (1/24)
Scrolls
 i - 2 scrolls of identify
 m - a scroll of recharging
Potions
 q - a potion of ambrosia
Books
 b - a book of Necromancy

   Spells                             Type                      Level
   a - Pain                           Necromancy                   1
   b - Animate Skeleton               Necromancy                   1
   c - Vampiric Draining              Necromancy                   3
   d - Regeneration                   Charms/Necromancy            3
   e - Animate Dead                   Necromancy                   4
   f - Control Undead                 Necromancy                   4
Comestibles
 d - 3 bread rations
 f - a slice of pizza
 k - a beef jerky
 n - 4 fruits


   Skills:
 * Level 5.3 Fighting
 - Level 2.1 Dodging
 - Level 2.4 Stealth
 - Level 1.7 Spellcasting
 - Level 4.3 Necromancy


You had 6 spell levels left.
You knew the following spells:

 Your Spells              Type           Power        Failure   Level  Hunger
a - Pain                  Necr           ##..         4%          1    ##.....


Dungeon Overview and Level Annotations

Branches:
Dungeon (5/15)
 Temple: D:4-7

Altars:
Pakellas
Qazlal
The Shining One

Shops:
D:5 =

Annotations:
D:4 Pikel; lawna's ghost, novice DDFi


Innate Abilities, Weirdness & Mutations

You are resistant to damage.
You can recharge devices by infusing magical energy.
You passively map a small area around you.
You do not regenerate naturally.
((You have large cloven feet.))
((You are partially covered in slimy green scales (AC +2).))


Message History

You hit the worker ant.
The worker ant is moderately wounded.
Your transformation is almost over.
The jackal bites you.
* * * LOW HITPOINT WARNING * * *
The worker ant misses you.
You hit the worker ant.
The worker ant is moderately wounded.
The jackal bites you.
* * * LOW HITPOINT WARNING * * *
The worker ant bites you!
* * * LOW HITPOINT WARNING * * *
The jackal bites you.
Evoke which item? (* to show all) (? for menu, Esc to quit)
You have no means to grasp a wand firmly enough.
You can't do that in your present form.
You closely miss the worker ant.
The worker ant is moderately wounded.
The worker ant bites you.
You die...

, .. #.# ....
, ..# #.#
#..?
.$###.###
*#... ...
.... ,,...
..# #..#*
..## ..# #..#
#..h#
..###..###.#
#.#a#
.phh.......#
#.#h#
.p####h#####
#.#h# ..# #.#
#.#h# #.# #.#
#.#{# #p##
#W#######.#p#
...#
#....pZp...p#
..##
##########h.#
..#### #..#
..[..# * * *
#..#


You could see 2 slaves, a worker ant and 4 jackals.

Vanquished Creatures
  2 hounds
  2 orc wizards (D:3)
  A worker ant (D:3)
  4 adders
  2 dart slugs
  2 giant geckos
  10 orcs (D:3)
  5 bats
  3 giant cockroaches
  8 goblins
  3 hobgoblins
  9 jackals
  2 quokkas
  A ball python (D:1)
  4 giant newts
  8 kobolds
  A rat (D:1)
67 creatures vanquished.

Notes
Turn   | Place    | Note
--------------------------------------------------------------
     0 | D:1      | tyranidshit the Deep Dwarf Necromancer began the quest for the Orb.
     0 | D:1      | Reached XP level 1. HP: 15/15 MP: 3/3
   147 | D:1      | Reached skill level 1 in Fighting
   189 | D:1      | Reached XP level 2. HP: 14/25 MP: 4/4
   308 | D:1      | Reached skill level 2 in Fighting
   412 | D:1      | You fall through a shaft!
   511 | D:1      | Gained mutation: You are partially covered in slimy green scales (AC +2). [potion of mutation]
   511 | D:1      | Gained mutation: You have large cloven feet. [potion of mutation]
   667 | D:2      | Reached XP level 3. HP: 24/33 MP: 3/5
   918 | D:2      | Noticed an earth elemental
   920 | D:2      | Found a stormy altar of Qazlal.
   922 | D:2      | Noticed a fire elemental
   922 | D:2      | Noticed an air elemental
   922 | D:2      | Noticed a water elemental
   967 | D:2      | Found a glowing golden altar of the Shining One.
  1129 | D:2      | Reached skill level 3 in Fighting
  1547 | D:3      | Found an oddly glowing altar of Pakellas.
  1760 | D:4      | Reached XP level 4. HP: 17/44 MP: 6/6
  1825 | D:5      | Entered Level 5 of the Dungeon
  1850 | D:5      | Reached skill level 4 in Fighting
  1897 | D:5      | Noticed a slave
  1898 | D:5      | Noticed a slave
  1899 | D:5      | Noticed Pikel
  1915 | D:5      | Noticed a yak
  1916 | D:5      | Noticed a yak
  1917 | D:5      | Noticed a yak
  1937 | D:5      | Noticed a slave
  1961 | D:3      | Reached XP level 5. HP: 22/50 MP: 7/7
  2137 | D:3      | Reached skill level 5 in Fighting
  2558 | D:4      | Noticed lawna's ghost (novice DDFi)
  2680 | D:5      | Noticed a phantom
  2688 | D:5      | Found Jucs's Jewellery Emporium.
  2698 | D:5      | Bought a +2 ring of protection for 110 gold pieces
  2724 | D:5      | Noticed a sky beast
  2754 | D:5      | Slain by a worker ant

Skill      XL: |  1  2  3  4  5 |
---------------+----------------+-----
Fighting       | 1 2 3 4 5 |  5.3
Dodging        | |  2.1
Stealth        | |  2.4
Spellcasting   | |  1.7
Necromancy     | |  4.3

Action                   |  1- 3 |  4- 6 || total
-------------------------+-------+-------++-------
Melee: Club              |    44 |       ||    44
       Unarmed           |     9 |    22 ||    31
       Short sword       |    36 |       ||    36
       Hand axe          |   169 |   223 ||   392
       Kick              |    50 |    65 ||   115
 Cast: Pain              |    24 |       ||    24
Evoke: Wand              |     7 |     6 ||    13
  Use: Scroll            |     7 |     2 ||     9
       Potion            |     3 |     1 ||     4
  Eat: Bread ration      |     1 |     1 ||     2
Armor: Robe              |    41 |       ||    41
       Chain mail        |   252 |   272 ||   524
Dodge: Dodged            |   184 |   184 ||   368
